 Dungeon Crawl Stone Soup version 0.30-a0-389-g8d7d949f56 (webtiles) character file.

Game seed: 11320498834431938765

2992 porpoise the Basher (level 9, -4/76 HPs)
             Began as an Armataur Reaver on Dec 4, 2022.
             Was a Believer of Hepliaklqana.
             Slain by a troll (9 damage)
             ... on level 8 of the Dungeon.
             The game lasted 00:26:32 (7912 turns).

porpoise the Basher (Armataur Reaver)               Turns: 7912, Time: 00:26:34

Health: -4/76      AC: 10    Str: 22    XL:     9   Next: 54%
Magic:  11/11      EV:  9    Int: 14    God:    Hepliaklqana [**....]
Gold:   396        SH:  2    Dex:  8    Spells: 10/11 levels left

rFire   . . .      SeeInvis .    a - +1 flail (drain)
rCold   . . .      Faith    .    M - +0 buckler
rNeg    . . .      Spirit   .    L - +0 ring mail
rPois   .          Reflect  .    A - +0 helmet
rElec   .          Harm     .    E - +0 cloak
rCorr   .          Roll     +    d - +0 pair of gloves
Will    .....                    (no barding)
Stlth   ..........               (no amulet)
HPRegen 0.32/turn                (no ring)
MPRegen 0.12/turn                (no ring)

@: no status effects
A: reduced essence, large, rugged brown scales 3, deformed body, armoured tail,
roll, long tongue, awkward tongue
a: Renounce Religion, Recall Ancestor, Ancestor Identity


You were on level 8 of the Dungeon.
You worshipped Hepliaklqana.
Hepliaklqana was pleased with you.
You visited 2 branches of the dungeon, and saw 9 of its levels.
You also visited: Sewer.

You collected 396 gold pieces.

Inventory:

Hand Weapons
 a - a +1 flail of draining (weapon)
 b - a +1 flail of holy wrath
 u - a +0 flail of protection
Missiles
 f - 2 curare-tipped darts
 g - 25 poisoned darts
Armour
 d - a +0 pair of gloves (worn)
 z - an orb of mayhem
 A - a +0 helmet (worn)
 E - a +0 cloak (worn)
 L - a +0 ring mail (worn)
 M - a +0 buckler (worn)
 N - the +2 leather armour of Asceticism {Harm +Inv Stlth+}
   (You found it on level 7 of the Dungeon)

   +Inv:      It lets you turn invisible.
   Harm:      It increases damage dealt and taken.
   Stlth:     It makes you more stealthy.
Magical Staves
 v - a staff of death
Jewellery
 H - a ring of willpower
Wands
 m - a wand of paralysis (1)
 K - a wand of mindburst (18)
Scrolls
 c - 2 scrolls of vulnerability
 j - a scroll of noise {unknown}
 k - a scroll of silence {unknown}
 l - a scroll of acquirement {unknown}
 n - a scroll of immolation {unknown}
 p - a scroll of blinking
 s - a scroll of brand weapon {unknown}
 w - 2 scrolls of teleportation
 y - a scroll of enchant armour {unknown}
 B - a scroll of fear {unknown}
 F - a scroll of enchant weapon {unknown}
 I - a scroll of magic mapping
 J - a scroll of poison
Potions
 e - 2 potions of attraction
 h - 2 potions of cancellation
 i - 3 potions of curing
 o - 2 potions of haste
 q - 2 potions of ambrosia
 r - 2 potions of mutation {unknown}
 t - a potion of lignification {unknown}
 x - 2 potions of brilliance {unknown}
 C - a potion of invisibility {unknown}
 D - 4 potions of degeneration {unknown}
 G - 3 potions of magic {unknown}


   Skills:
 - Level 7.0 Fighting
 + Level 8.6 Maces & Flails
 + Level 5.5 Armour
 + Level 3.8 Dodging
 - Level 1.7 Spellcasting
 - Level 2.6 Conjurations


You had 10 spell levels left.
You knew the following spells:

 Your Spells              Type           Power      Damage    Failure   Level
a - Kiss of Death         Conj/Necr      16%        2d6       28%         1

Your spell library contained the following spells:

 Spells                   Type           Power      Damage    Failure   Level
 Momentum Strike          Conj/Tloc      8%         3d8       38%         2
 Scorch                   Fire           2%         2d5       58%         2
 Dazzling Flash           Conj/Hex       8%         N/A       63%         3
 Hailstorm                Conj/Ice       4%         3d4       63%         3
 Flame Wave               Conj/Fire      4%         2d5       95%         4
 Iskenderun's Mystic Bla  Conj/Tloc      4%         2d3       95%         4
 Starburst                Conj/Fire      2%         6d3       100%        6
 Summon Cactus Giant      Summ           0%         N/A       100%        6


Dungeon Overview and Level Annotations

Branches:
Dungeon (8/15)             Temple (1/1) D:5           Sewer (visited)
   Lair: D:8-11

Altars:
Ashenzari
Cheibriados
Dithmenos
Fedhas
Gozag
Hepliaklqana
Kikubaaqudgha
Makhleb
Nemelex Xobeh
Okawaru
Qazlal
Sif Muna
Trog
Uskayaw
Vehumet
Wu Jian
Xom
Zin
The Shining One

Shops:
D:1 *   D:3 =

Annotations:
D:5 exclusion: door


Innate Abilities, Weirdness & Mutations

Your life essence is reduced to manifest your ancestor. (-10% HP)
You are completely covered in rugged brown scales. (AC +3, +7% HP)
Armour fits poorly on your strangely shaped body.
You have a long armoured tail.
You roll when moving toward enemies. (Rampage)
Your long tongue fully drains potion bottles. (2x potion effects)
Your tongue gives you trouble enunciating. (1.5x scroll delay)


Message History

The water moccasin closely misses you.
You feel sick. The water moccasin closely misses you.
You feel sick.
You feel sick. The water moccasin closely misses you.
You hit the water moccasin. You drain the water moccasin.
The water moccasin is heavily wounded.
You feel sick.
The water moccasin bites you but does no damage.
You sock the water moccasin!
You kill the water moccasin!
You feel sick.
You roll towards the troll!
You barely miss the troll. You tail-slap the troll!
The troll is lightly wounded.
You feel sick. The troll bites you. The troll closely misses you.
The troll claws you but does no damage.
You closely miss the troll.
Your tail-slap misses the troll.
The troll is lightly wounded.
You feel sick.
You are no longer poisoned.
The troll bites you!
* * * LOW HITPOINT WARNING * * *
The troll claws you but does no damage. The troll claws you!
* * * LOW HITPOINT WARNING * * *
You slurp down every last drop of the 4 potions of curing!
You feel better. The troll bites you but does no damage.
You block the troll's attack. The troll claws you!
* * * LOW HITPOINT WARNING * * *
The yak gores you!
* * * LOW HITPOINT WARNING * * *
The yak attacks as you move away! The yak closely misses you.
You sock the troll!
The troll is moderately wounded.
You sock the troll!
Your tail-slap misses the troll.
The troll is heavily wounded.
The troll barely misses you. The troll claws you but does no damage.
The troll claws you!
* * * LOW HITPOINT WARNING * * *
The troll bites you but does no damage. The troll closely misses you.
The troll claws you!
You die...

## ... ..#.. #....
... #...P.P.P ...
......... #.#
#......♣. #.#
#........ #@#
#........ ########T#
#........
#.......Y###.Y......
#####.......T†......
####..........##
######.########..#
#........# .
#........###
#...<........


You could see a yak and a troll.

Vanquished Creatures
  Grinder (D:5)
  A water moccasin (D:8)
  An ice beast (D:7)
  Duvessa (D:7)
  A black bear (D:6)
  2 ogres
  A phantom (D:5)
  4 kobold brigands (Sewer)
  4 necrophages (D:4)
  3 scorpions
  5 wights (D:5)
  Dowan (D:7)
  2 killer bees (D:7)
  3 howler monkeys
  Crazy Yiuf (D:5)
  An orc priest (D:3)
  2 jellies
  A hound (D:3)
  Jessica (D:2)
  4 iguanas
  7 gnolls
  7 adders
  A shadow imp (D:6)
  An ufetubus (D:6)
  2 worms
  3 dart slugs
  7 orcs
  6 endoplasms
  2 giant cockroaches
  8 goblins
  10 hobgoblins
  5 jackals
  2 quokkas
  9 ball pythons
  10 bats
  7 frilled lizards
  A jackal zombie (D:4)
  18 kobolds
  9 rats
155 creatures vanquished.

Vanquished Creatures (collateral kills)
  A sky beast (D:6)
  A black bear (D:6)
  An ogre (D:6)
  A bullfrog (D:8)
  A killer bee (D:7)
  An adder (D:6)
  An ufetubus (D:6)
  A ball python (Sewer)
  2 bats (Sewer)
  2 frilled lizards (Sewer)
  A kobold (Sewer)
13 creatures vanquished.

Vanquished Creatures (others)
  A battlemage (D:8)
  3 ancestors
  A bush (D:4)
  16 plants
21 creatures vanquished.

Grand Total: 189 creatures vanquished

Notes
Turn   | Place    | Note
-------+----------+-------------------------------------------
     0 | D:1      | porpoise the Armataur Reaver began the quest for the Orb.
     0 | D:1      | Reached XP level 1. HP: 18/18 MP: 3/3
    71 | D:1      | You fall into a shaft and drop 1 floor!
   170 | D:1      | Reached skill level 3 in Maces & Flails
   184 | D:1      | Reached XP level 2. HP: 21/25 MP: 4/4
   465 | D:1      | Found Taga's General Store.
   543 | D:1      | Reached XP level 3. HP: 28/32 MP: 5/5
   871 | D:2      | Noticed Jessica
   873 | D:2      | Killed Jessica
  1089 | D:2      | Reached XP level 4. HP: 40/40 MP: 6/6
  1095 | D:2      | Found a faded altar of an unknown god.
  1653 | D:3      | Reached skill level 4 in Maces & Flails
  1770 | D:3      | Reached XP level 5. HP: 15/48 MP: 7/7
  2610 | D:3      | Found Fuemahia's Jewellery Shoppe.
  3213 | D:4      | Reached XP level 6. HP: 55/55 MP: 8/8
  3328 | D:4      | Found a blossoming altar of Fedhas.
  3543 | D:4      | Reached skill level 5 in Maces & Flails
  3962 | D:4      | Reached skill level 5 in Fighting
  3962 | D:4      | Reached XP level 7. HP: 65/65 MP: 9/9
  4125 | D:5      | Entered Level 5 of the Dungeon
  4258 | D:5      | Found a staircase to the Ecumenical Temple.
  4283 | Temple   | Entered the Ecumenical Temple
  4555 | Temple   | Became a worshipper of Hepliaklqana the Forgotten
  4609 | D:5      | Noticed Grinder
  4620 | D:5      | Killed Grinder
  4621 | D:5      | Reached skill level 6 in Maces & Flails
  4833 | D:5      | Reached XP level 8. HP: 16/66 MP: 10/10
  5211 | D:5      | Reached skill level 7 in Maces & Flails
  5311 | D:5      | Found a shimmering blue altar of Sif Muna.
  5351 | D:5      | Found a runed translucent door.
  5352 | D:5      | Noticed Crazy Yiuf
  5527 | D:5      | Found a hide-covered altar of Uskayaw.
  5672 | D:5      | Killed Crazy Yiuf
  5858 | D:6      | Reached * piety under Hepliaklqana
  5883 | D:6      | Reached skill level 1 in Armour
  5995 | D:6      | Found a glowing drain.
  6022 | Sewer    | Entered a sewer
  6181 | Sewer    | Reached XP level 9. HP: 47/76 MP: 11/11
  6398 | Sewer    | Reached skill level 8 in Maces & Flails
  7050 | D:7      | Noticed Duvessa
  7050 | D:7      | Noticed Dowan
  7089 | D:7      | Killed Dowan
  7090 | D:7      | Killed Duvessa
  7095 | D:7      | Reached skill level 5 in Armour
  7328 | D:7      | Found a sparkling altar of Nemelex Xobeh.
  7345 | D:7      | Reached ** piety under Hepliaklqana
  7346 | D:7      | Remembered your ancestor Beki as a battlemage
  7813 | D:7      | Identified the +2 leather armour of Asceticism {Harm +Inv
                  | Stlth+}
  7894 | D:8      | Noticed a troll
  7912 | D:8      | Slain by a troll

Illustrated notes

Levels and vault maps discovered:
D:1:      tarquinn_simple_flora_water_f, layout_loops_ring, serial_shops, shop,
          grunt_decor_cap
D:2:      layout_basic, hellmonk_ecumenical_altar_arch_garden, nicolae_titane,
          uniq_jessica
D:3:      layout_basic, serial_shops, shop, kennysheep_doodads,
          minmay_crystal_water
D:4:      layout_gridville, fedhas_altar_decomposition
D:5:      layout_rooms, nicolae_uskayaw_dance_hall, led_sif_book,
          minmay_temple_entry_waves, uniq_grinder, uniq_crazy_yiuf_cottage
D:6:      layout_rooms, portal_sewer_entry_a, minmay_misc_feat_doors
D:7:      layout_loops_cross, nemelex_xobeh_ov_fountains_minmay, uniq_duvessa
D:8:      layout_rooms, minmay_lair_entry_grove, nicolae_grassy_gnolls
Temple:   regret_index_temple_generic_petals

Skill      XL: |  1  2  3  4  5  6  7  8  9 |
---------------+----------------------------+-----
Fighting       | 2 3 4 5 6 7 |  7.0
Maces & Flails | 3 4 5 6 7 8 |  8.6
Armour         | 3 5 |  5.5
Dodging        | 2 3 |  3.8
Spellcasting   | |  1.7
Conjurations   | |  2.6

Action                   |  1- 3 |  4- 6 |  7- 9 || total
-------------------------+-------+-------+-------++-------
Melee: Mace              |    78 |    42 |       ||   120
       Tailslap          |     6 |    18 |    32 ||    56
       Punch             |     1 |     2 |     5 ||     8
       Flail             |       |   105 |   254 ||   359
Invok: Ancestor Identity |       |       |     2 ||     2
       Recall Ancestor   |       |       |     1 ||     1
       Ancestor Life: Ba |       |       |     1 ||     1
  Use: Scroll            |       |     3 |     8 ||    11
       Potion            |       |       |     5 ||     5
Armor: Leather armour    |    24 |    57 |       ||    81
       Scale mail        |       |     7 |   106 ||   113
       Ring mail         |       |       |    26 ||    26
Dodge: Dodged            |    26 |    65 |    96 ||   187
Block: Buckler           |       |       |     1 ||     1

Table legend: (Time is in decaauts)
 A = Elapsed time spent in this place.
 B = Non-inter-level travel time spent in this place.
 C = Inter-level travel time spent in this place.
 D = Time resting spent in this place.
 E = Time spent auto-exploring this place.
 F = Levels seen in this place.
 G = Mean time per level.
                   A        B        C        D        E       F      G
               +--------+--------+--------+--------+--------+-----+--------+
         Total |   7990 |   7804 |    186 |   1809 |   4332 |  10 |  799.0 |
       Dungeon |   7235 |   7101 |    134 |   1644 |   4066 |   8 |  904.4 |
        Temple |    308 |    256 |     52 |      0 |    246 |   1 |  308.0 |
         Sewer |    446 |    446 |      0 |    164 |     20 |   1 |  446.0 |
               +--------+--------+--------+--------+--------+-----+--------+

Top non-repeatable levels by time:
     D:5: 1421 daAuts
     D:3: 1316 daAuts
     D:4: 1261 daAuts
     D:7: 1012 daAuts
     D:1: 815 daAuts
     D:2: 777 daAuts
     D:6: 594 daAuts
   Sewer: 446 daAuts
  Temple: 308 daAuts
     D:8: 35 daAuts
